 Dungeon Crawl Stone Soup version 0.27.0-1-g7a089689b8 (webtiles) character file.

Game seed: 3679496124996160817

16 kobby the Slasher (level 2, 27/27 HPs)
             Began as a Minotaur Berserker on Aug 15, 2021.
             Was a Follower of Trog.
             Got out of the dungeon alive.
             The game lasted 00:01:05 (497 turns).

kobby the Slasher (Minotaur Berserker)               Turns: 497, Time: 00:01:05

Health: 27/27      AC: 11    Str: 18 (21) XL:     2   Next: 37%
Magic:  1/1        EV:  5    Int:  3 (4)  God:    Trog [*.....]
Gold:   24         SH:  0    Dex:  7 (9)  Spells: 1/1 levels left

rFire    . . .     SeeInvis .   a - +0 falchion
rCold    . . .     Faith    .   (no shield)
rNeg     . . .     Spirit   .   f - +0 plate armour
rPois    .         Reflect  .   (helmet restricted)
rElec    .         Harm     .   (no cloak)
rCorr    .         Rampage  .   (no gloves)
Will     .....                  (no boots)
Stlth    ..........             (no amulet)
HPRegen  0.09/turn              (no ring)
MPRegen  0.07/turn              (no ring)

@: no status effects
A: horns 2, retaliatory headbutt
a: Renounce Religion, Berserk


You escaped.
You worshipped Trog.
Trog was aware of your devotion.
You visited 1 branch of the dungeon, and saw 1 of its levels.

You collected 24 gold pieces.

Inventory:

Hand Weapons
 a - a +0 falchion (weapon)
Armour
 b - a +0 animal skin
 f - a +0 plate armour (worn)
Jewellery
 c - a ring of protection from cold
Scrolls
 d - a scroll of vulnerability {unknown}
 e - a scroll of silence {unknown}
 g - a scroll of teleportation {unknown}


   Skills:
 + Level 3.9 Fighting
 + Level 4.1 Long Blades
 + Level 2.5 Armour
 + Level 2.4 Dodging


You had one spell level left.
You didn't know any spells.
Your spell library was empty.

Dungeon Overview and Level Annotations

Branches:
Dungeon (1/15)

Altars:


Innate Abilities, Weirdness & Mutations

You have a pair of horns on your head.
You reflexively headbutt those who attack you in melee.


Message History

No target in view!
No target in view!
No target in view!
You now have 24 gold pieces (gained 10).
A kobold comes into view. It is wielding a +0 whip.
The kobold shouts!
The kobold hits you with a +0 whip.
You hit the kobold but do no damage. The kobold hits you but does no damage.
You hit the kobold but do no damage. The kobold hits you but does no damage.
You miss the kobold. The kobold hits you but does no damage.
You closely miss the kobold. The kobold barely misses you.
You barely miss the kobold. Your headbutt misses the kobold.
The kobold closely misses you. The kobold barely misses you.
You closely miss the kobold. The kobold hits you but does no damage.
You hit the kobold.
You kill the kobold!
Trog accepts your kill.
No target in view!
No target in view!
No target in view!
No target in view!
No target in view!
No target in view!
No target in view!
A hobgoblin comes into view.
The hobgoblin shouts!
The hobgoblin moves out of view.
Found a stone staircase leading down.
Save game and exit?
Welcome back, kobby the Minotaur Berserker.
Trog says: Kill them all!
Press ? for a list of commands and other information.
A hobgoblin is nearby!
The teleport trap disappears.
The hobgoblin disappears!
Found an escape hatch in the floor.
There is a staircase leading out of the dungeon here.
Are you sure you want to leave the Dungeon?
This will make you lose the game!
Alright, then stay!
Are you sure you want to leave the Dungeon?
This will make you lose the game!
You have escaped!

#. .. #.. .. #..###.
###.# #...#.. ...#..###
....... ...........####
....... >......###.#...
.......###............#.
#.....@#........ #.#...
#..............# #.#.#.
....#.......#...# #...#.
##. ##.....###..####....
..#.......#..##....รท..
..............#..#)##..
....#...................
..................#)##..
....###......######.##..


There were no monsters in sight!

Vanquished Creatures
  A ball python (D:1)
  A bat (D:1)
  An endoplasm (D:1)
  A goblin (D:1)
  A hobgoblin (D:1)
  3 quokkas (D:1)
  A frilled lizard (D:1)
  4 kobolds (D:1)
  A rat (D:1)
14 creatures vanquished.

Notes
Turn   | Place    | Note
-------+----------+-------------------------------------------
     0 | D:1      | kobby the Minotaur Berserker began the quest for the Orb.
     0 | D:1      | Reached XP level 1. HP: 19/19 MP: 0/0
   269 | D:1      | Reached skill level 4 in Long Blades
   269 | D:1      | Reached XP level 2. HP: 26/27 MP: 1/1
   497 | D:$      | Got out of the dungeon alive.

Illustrated notes

Levels and vault maps discovered:
D:1:      minmay_arrival_five_plusses, layout_rooms,
          ebering_ecumenical_altar_mist

Skill      XL: |  1 |
---------------+----+-----
Long Blades    | 4 |  4.1
Fighting       | |  3.9
Armour         | |  2.5
Dodging        | |  2.4

Action                   || total
-------------------------++-------
Melee: Falchion          ||    31
       Headbutt          ||     2
  Use: Potion            ||     2
Armor: Plate armour      ||    19
       Animal skin       ||     2
Dodge: Dodged            ||    13
       Rpst.: Falchion   ||     3
